 Dungeon Crawl Stone Soup version 0.25-a0-57-ga0c9b72eff (webtiles) character file.

Game seed: 11604998382989925385, levelgen mode: deterministic

557962 DavidChitty2 the Hoplite (level 25, -8/248 HPs)
             Began as a Minotaur Fighter on Oct 24, 2019.
             Was the Champion of Okawaru.
             Killed from afar by a deep elf sorcerer (38 damage)
             ... with damnation
             ... on level 3 of the Elven Halls on Oct 25, 2019.
             The game lasted 01:55:31 (51334 turns).

DavidChitty2 the Hoplite (Minotaur Fighter)        Turns: 51334, Time: 01:55:32

Health: -8/248     AC: 41    Str: 32    XL:     25   Next: 25%
Magic:  29/29      EV: 14    Int: 16    God:    Okawaru [******]
Gold:   1440       SH: 37    Dex: 18    Spells: 22/30 levels left

rFire    + + +     SeeInvis +   a - +7 broad axe "Gosucsel" {drain, Int+4}
rCold    + + +     Gourm    .   E - +4 large shield "Xyud" {rC+ MR++ Regen+ Str-3}
rNeg     . . .     Faith    .   r - +9 gold dragon scales
rPois    +         Spirit   .   H - +1 hat {MR+}
rElec    +         Reflect  +   f - +0 cloak "Hiffukhi" {Dex+3 Slay+2}
rCorr    .         Harm     .   S - +2 pair of gloves {Str+3}
MR       +++++     NoTele   +   G - +2 pair of boots of the Ladybird {+Inv rF+}
Stlth    ..........             M - amulet "Adun" {Reflect -Tele +Inv rElec rC+++ SH+5}
HPRegen  0.91/turn              X - ring "Gupp" {+Fly rF++ Str+4 Int+4 SInv}
MPRegen  0.21/turn              k - ring of Niuna {-Tele *Drain rElec MR+++ Int+3}

@: corroded, very slightly contaminated, hasted, very quick
A: retaliatory headbutt, horns 2
}: 3/15 runes: serpentine, barnacled, silver
a: Heroism, Finesse, Renounce Religion, Evoke Invisibility, Evoke Flight


You were on level 3 of the Elven Halls.
You worshipped Okawaru.
Okawaru was exalted by your worship.
You were hungry.

You visited 9 branches of the dungeon, and saw 45 of its levels.
You visited 1 bazaar.
You also visited: Trove, Sewer, Gauntlet and Ice Cave.

You collected 5015 gold pieces.
You spent 3575 gold pieces at shops.

Inventory:

Hand Weapons
 a - the +7 broad axe "Gosucsel" (weapon) {drain, Int+4}
   (You acquired it on level 10 of the Dungeon)

   A truly terrible weapon, it drains the life of those it strikes.
   It affects your intelligence (+4).
 b - a +5 broad axe of flaming
   (Okawaru gifted it to you on level 2 of the Shoals)
Missiles
 Z - 13 throwing nets (quivered) {!f}
Armour
 f - the +0 cloak "Hiffukhi" (worn) {Dex+3 Slay+2}
   (Okawaru gifted it to you on level 3 of the Depths)

   It affects your dexterity (+3).
   It affects your accuracy and damage with ranged weapons and melee attacks
   (+2).
 r - +9 gold dragon scales (worn)
   (You found it on level 5 of the Depths)
 E - the +4 large shield "Xyud" (worn) {rC+ MR++ Regen+ Str-3}
   (Okawaru gifted it to you on level 2 of the Vaults)

   It affects your strength (-3).
   It protects you from cold.
   It affects your resistance to hostile enchantments.
   It increases your rate of regeneration.
 G - the +2 pair of boots of the Ladybird (worn) {+Inv rF+}
   (You acquired it on level 15 of the Dungeon)

   It protects you from fire.
   It lets you turn invisible.
 H - a +1 hat of magic resistance (worn)
   (You found it on level 7 of the Dungeon)
 S - a +2 pair of gloves of strength (worn)
   (Okawaru gifted it to you on level 14 of the Dungeon)
Magical Staves
 w - an uncursed staff of wizardry {!a}
   (You found it in an ice cave)
Jewellery
 k - the ring of Niuna (right hand) {-Tele *Drain rElec MR+++ Int+3}
   (You found it on level 3 of the Depths)

   [ring of intelligence]

   It affects your intelligence (+3).
   It insulates you from electricity.
   It affects your resistance to hostile enchantments.
   It prevents most forms of teleportation.
   It causes draining when unequipped.
 M - the amulet "Adun" (around neck) {Reflect -Tele +Inv rElec rC+++ SH+5}
   (You found it in a treasure trove)

   [amulet of reflection]

   It shields you and reflects attacks.
   It renders you almost immune to cold.
   It insulates you from electricity.
   It lets you turn invisible.
   It prevents most forms of teleportation.
   It affects your SH (+5).
 X - the ring "Gupp" (left hand) {+Fly rF++ Str+4 Int+4 SInv}
   (You found it in a treasure trove)

   [ring of strength]

   It affects your strength (+4).
   It affects your intelligence (+4).
   It greatly protects you from fire.
   It lets you see invisible.
   It lets you fly.
Wands
 c - a wand of disintegration (35)
   (You found it on level 5 of the Lair of Beasts)
 d - a wand of iceblast (10)
   (You took it off a naga mage on level 3 of the Snake Pit)
 g - a wand of scattershot (11)
   (You took it off an orc on level 9 of the Dungeon)
 t - a wand of flame (122)
   (You found it on level 2 of the Lair of Beasts)
 u - a wand of paralysis (30)
   (You found it on level 3 of the Shoals)
 v - a wand of digging (21)
   (You found it in a Gauntlet)
 x - a wand of acid (24)
   (You found it on level 1 of the Lair of Beasts)
 B - a wand of enslavement (14)
   (You found it on level 4 of the Dungeon)
 Q - a wand of polymorph (20)
   (You found it on level 11 of the Dungeon)
Scrolls
 h - 7 scrolls of magic mapping
 i - 12 scrolls of fog
 n - 22 scrolls of remove curse {@r2}
 z - 2 scrolls of vulnerability {!r}
 C - 7 scrolls of identify {@r1}
 D - 2 scrolls of silence
 J - 11 scrolls of immolation {!r}
 N - 7 scrolls of blinking
 U - a scroll of enchant weapon
 V - 6 scrolls of fear
 W - 32 scrolls of teleportation {@r4}
Potions
 j - 19 potions of curing {@q1}
 m - 3 potions of heal wounds {@q2}
 o - 5 potions of magic
 p - 9 potions of brilliance
 s - 9 potions of flight
 A - 4 potions of resistance
 I - 6 potions of agility
 K - 7 potions of ambrosia
 L - 7 potions of haste {@q3}
 O - 2 potions of lignification {!q}
 P - 4 potions of invisibility
 R - 2 potions of cancellation
 Y - 6 potions of might
Miscellaneous
 q - a lamp of fire
   (You found it on level 10 of the Dungeon)
Comestibles
 e - 81 rations {!d}
 l - 2 chunks of flesh


   Skills:
 * Level 24.8 Fighting
 - Level 18.0 Axes
 * Level 24.8 Armour
 - Level 10.0 Dodging
 - Level 25.0 Shields
 - Level 3.0 Spellcasting
 + Level 6.2 Hexes
 - Level 5.0 Charms
 - Level 5.0 Necromancy
 + Level 6.8 Air Magic
 - Level 8.0 Invocations
 - Level 10.0 Evocations


You had 22 spell levels left.
You knew the following spells:

 Your Spells              Type           Power        Failure   Level  Hunger
e - Regeneration          Chrm/Necr      ###.......   38%         3    ###....
g - Silence               Hex/Air        ###.......   90%         5    ######.

Your spell library contained the following spells:

 Spells                   Type           Power        Failure   Level  Hunger
 Corona                   Hex            ###....      9%          1    #......
 Slow                     Hex            ###.....     12%         2    ##.....
 Animate Skeleton         Necr           N/A          14%         1    #......
 Infusion                 Chrm           ###.         14%         1    #......
 Pain                     Necr           ###.         14%         1    #......
 Swiftness                Chrm/Air       ###.....     14%         2    ##.....
 Song of Slaying          Chrm           ###.....     21%         2    ##.....
 Confuse                  Hex            ###.....     24%         3    ###....
 Tukima's Dance           Hex            ###.....     24%         3    ###....
 Spectral Weapon          Hex/Chrm       ###.....     32%         3    ###....
 Poisonous Vapours        Pois/Air       ##....       36%         2    ##.....
 Vampiric Draining        Necr           ###.......   38%         3    ###....
 Ensorcelled Hibernation  Hex/Ice        ##....       41%         2    ##.....
 Shroud of Golubria       Chrm/Tloc      ##....       50%         2    ##.....
 Cause Fear               Hex            ###.......   63%         4    #####..
 Dazzling Spray           Conj/Hex       ##....       65%         3    ###....
 Inner Flame              Hex/Fire       ##......     65%         3    ###....
 Portal Projectile        Hex/Tloc       ##....       65%         3    ###....
 Summon Guardian Golem    Hex/Summ       ##......     65%         3    ###....
 Apportation              Tloc           #.....       71%         1    #......
 Beastly Appendage        Tmut           #.....       71%         1    #......
 Flame Tongue             Conj/Fire      #....        71%         1    #......
 Magic Dart               Conj           #...         71%         1    #......
 Summon Small Mammal      Summ           #...         71%         1    #......
 Mephitic Cloud           Conj/Pois/Air  #.......     77%         3    ###....
 Animate Dead             Necr           N/A          80%         4    #####..
 Call Imp                 Summ           #.......     85%         2    ##.....
 Passwall                 Tmut/Erth      #.......     85%         2    ##.....
 Searing Ray              Conj           #.....       85%         2    ##.....
 Sticks to Snakes         Tmut           #.......     85%         2    ##.....
 Throw Flame              Conj/Fire      #.....       85%         2    ##.....
 Summon Lightning Spire   Summ/Air       ##......     95%         4    #####..
 Fulminant Prism          Conj/Hex       ##........   96%         4    #####..
 Call Canine Familiar     Summ           #.......     97%         3    ###....
 Conjure Flame            Conj/Fire      #.......     97%         3    ###....
 Lesser Beckoning         Tloc           #.........   97%         3    ###....
 Spider Form              Tmut/Pois      #.........   97%         3    ###....
 Teleport Other           Tloc           #.......     97%         3    ###....
 Force Lance              Conj/Tloc      #.......     100%        4    #####..
 Ice Form                 Ice/Tmut       #.......     100%        4    #####..
 Iskenderun's Mystic Bla  Conj           #.......     100%        4    #####..
 Passage of Golubria      Tloc           N/A          100%        4    #####..
 Sticky Flame             Conj/Fire      #.......     100%        4    #####..
 Summon Ice Beast         Ice/Summ       #.......     100%        4    #####..
 Aura of Abjuration       Summ           #.........   100%        5    ######.
 Blade Hands              Tmut           #.........   100%        5    ######.
 Bolt of Magma            Conj/Fire/Erth #.........   100%        5    ######.
 Fireball                 Conj/Fire      #.........   100%        5    ######.
 Irradiate                Conj/Tmut      #.........   100%        5    ######.
 Iskenderun's Battlesphe  Conj/Chrm      ##......     100%        5    ######.
 Lee's Rapid Deconstruct  Erth           #.........   100%        5    ######.
 Metabolic Englaciation   Hex/Ice        ##........   100%        5    ######.
 Summon Forest            Summ/Tloc      #.........   100%        5    ######.
 Venom Bolt               Conj/Pois      #.........   100%        5    ######.
 Bolt of Cold             Conj/Ice       #.........   100%        6    #######
 Bolt of Fire             Conj/Fire      #.........   100%        6    #######
 Conjure Ball Lightning   Conj/Air       ##........   100%        6    #######
 Darkness                 Hex            ###.......   100%        6    #######
 Deflect Missiles         Chrm/Air       ###.......   100%        6    #######
 Dispersal                Tloc           #.........   100%        6    #######
 Freezing Cloud           Conj/Ice/Air   #.........   100%        6    #######
 Hydra Form               Tmut           #.........   100%        6    #######
 Invisibility             Hex            ###.....     100%        6    #######
 Iron Shot                Conj/Erth      #.........   100%        6    #######
 Ozocubu's Refrigeration  Ice            #.........   100%        6    #######
 Simulacrum               Ice/Necr       ##........   100%        6    #######
 Statue Form              Tmut/Erth      #........    100%        6    #######
 Dragon Form              Tmut           #.........   100%        7    #######
 Malign Gateway           Summ/Tloc      #.........   100%        7    #######
 Orb of Destruction       Conj           #.........   100%        7    #######
 Ring of Flames           Chrm/Fire      ##........   100%        7    #######
 Spellforged Servitor     Conj/Summ      #.........   100%        7    #######
 Discord                  Hex            ###.......   100%        8    #######
 Dragon's Call            Summ           #.........   100%        9    #######
 Tornado                  Air            ###.......   100%        9    #######


Dungeon Overview and Level Annotations

Branches:
Dungeon (15/15)            Temple (1/1) D:5            Lair (6/6) D:10
 Shoals (4/4) Lair:2        Snake (4/4) Lair:4        Slime (0/5) Lair:6
    Orc (2/2) D:11            Elf (3/3) Orc:2        Vaults (5/5) D:14
  Crypt (0/3) Vaults:2     Depths (5/5) D:15            Zot (0/5) Depths:5
  Sewer (visited)           IceCv (visited)         Gauntlet (visited)

Altars:
Ashenzari
Cheibriados
Dithmenos
Elyvilon
Fedhas
Gozag
Hepliaklqana
Kikubaaqudgha
Makhleb
Nemelex Xobeh
Okawaru
Qazlal
Ru
Sif Muna
Trog
Uskayaw
Vehumet
Wu Jian
Xom
Yredelemnul
Zin
The Shining One
Beogh

Shops:
D:10 *   D:11 (   D:13 *   Orc:1 [::   Orc:2 *(*}   Vaults:1 }   Vaults:3 !
Depths:2 ?[

Portals:
Hell: Depths:1 Depths:2 Depths:3 Depths:4 Depths:5
Abyss: Depths:4
Pandemonium: Depths:1 Depths:2 Depths:3 Depths:4
Ziggurat: Depths:1

Annotations:
Lair:3 exclusion: 2 oklob plants


Innate Abilities, Weirdness & Mutations

You reflexively headbutt those who attack you in melee.
You have a pair of horns on your head.


Message History

The deep elf demonologist mumbles some strange words.
The reaper smiles without lips.
You feel yourself speed up.
The deep elf high priest calls down the wrath of its god upon you.
Something smites you!
* * * LOW HITPOINT WARNING * * *
Things that are here:
a +0 rapier; a +0 leather armour You flicker back into view.
The deep elf annihilator casts a spell.
The deep elf annihilator blinks!
The deep elf sorcerer points at you and mumbles some strange words.
The bolt of acid hits you!!
* * * LOW HITPOINT WARNING * * *
You are splashed with acid!
* * * LOW HITPOINT WARNING * * *
You feel much better.
You are feeling hungry.
The deep elf demonologist casts a spell.
You feel yourself speed up.
You block the deep elf sorcerer's attack.
There is an open door here.
You hit the deep elf sorcerer but do no damage.
You drain the deep elf sorcerer.
You block the deep elf sorcerer's attack.
The deep elf sorcerer points at you and mumbles some strange words.
The sphere of damnation explodes!
The damnation engulfs you!!
* * * LOW HITPOINT WARNING * * *
You feel much better.
The deep elf demonologist mumbles some strange words.
The deep elf demonologist gestures wildly while chanting.
The deep elf sorcerer gestures at you while chanting.
The bolt of acid misses you.
The deep elf sorcerer points at you and mumbles some strange words.
The sphere of damnation explodes!
The damnation engulfs you!!!
* * * LOW HITPOINT WARNING * * *
You feel much better.
There is an open door here.
The deep elf sorcerer casts a spell at you.
The bolt of acid hits you but does no damage.
The acid corrodes you!
You are splashed with acid!
* * * LOW HITPOINT WARNING * * *
There is an open door here.
You feel like a meek peon again.
There's nothing to open nearby.
As you close the door, it creaks loudly!
There is an open door here.
The deep elf sorcerer gestures at you while chanting.
The sphere of damnation explodes!
The damnation engulfs you!!!
You die...

##.#....≈≈#..#...###########
##.##....≈≈#..'...#
#####'###....≈≈#..###+#
#.....###....≈≈#..#...#
.......##....≈≈#.e#...#
.......##....≈≈#..#...#
.......+.....≈≈#).#...#
.......##....≈≈#..#...#
.......##......'@.'...#
#.....'##......'..#...#
##'####.#......'..#...# #
#.# ##..)..≈≈#..#'### . #.#
##....≈≈#..#...# . #.####
#....≈≈#^.#...# #+#..#
#....≈≈#..#...# ##....#
#....≈≈#..#...# ......#
#....≈≈#..#...#


You could see a deep elf sorcerer.

Vanquished Creatures
  Mara (Vaults:5)
  Mennas (Vaults:4)
  3 juggernauts
  2 ancient liches (Vaults:5)
  Sojobo (Vaults:3)
  The ghost of Awazaost the Conqueror, a veteran MiBe of Trog (Vaults:3)
  Bai Suzhen (Vaults:3)
  Xtahua (Depths:4)
  the Enchantress (Depths:1)
  Nikola (Depths:1)
  6 golden dragons
  Jory (Vaults:3)
  2 tentacled monstrosities
  3 liches
  The ghost of Faedia the Fighter, an adept GnWn of Okawaru (Vaults:3)
  Asterion (Elf:3)
  7 sphinxes
  5 titans (Vaults:5)
  The ghost of Lufyqa Hiru the Impaler, an adept MfIE of Makhleb (Snake:4)
  2 storm dragons
  Agnes (Snake:4)
  10 tengu reavers
  5 shadow dragons (Vaults:5)
  7 nagarajas
  4 fire giants
  19 vault wardens
  An iron dragon (Depths:4)
  Ilsuiw (Shoals:4)
  10 deep elf sorcerers
  A deep elf elementalist (Vaults:5)
  A balrug (Depths:3)
  8 frost giants
  2 draconian annihilators (Depths:5)
  The ghost of Qenoimudgh the Unseen, an adept FeMo of Yredelemnul (Vaults:3)
  The ghost of Syvvoagh the Eclecticist, an adept DENe of Kikubaaqudgha (Vaults:3)
  3 spriggan defenders (Depths:1)
  3 war gargoyles (Vaults:5)
  13 ironheart preservers
  12 very ugly things
  18 stone giants
  A lorocyproca (Depths:2)
  A red draconian (Depths:5)
  3 entropy weavers
  3 vampire knights
  A black draconian (Depths:5)
  A purple draconian (Depths:5)
  A deep elf annihilator (Elf:3)
  4 spark wasps (Depths:3)
  2 white draconians (Depths:5)
  A minotaur (Gauntlet)
  6 deep elf demonologists
  A yellow draconian (Depths:5)
  4 merfolk javelineers
  An ettin (shapeshifter) (Depths:4)
  17 ettins
  5 merfolk impalers
  2 deep elf death magi
  5 deep elf high priests
  10 fire dragons
  14 yaktaur captains
  7 ice dragons
  26 ogre magi
  5 great orbs of eyes
  A monstrous demonspawn (Depths:2)
  A hell beast (Depths:1)
  23 naga warriors
  2 rakshasas
  11 anacondas
  3 spriggan air magi
  35 vault guards
  A hydra (Lair:5)
  10 centaur warriors
  5 death knights
  2 satyrs
  4 merfolk avatars
  3 alligator snapping turtles
  37 dancing weapons
  Erica (D:8)
  4 merfolk aquamancers (Shoals:4)
  A catoblepas (Lair:3)
  9 tengu warriors
  50 two-headed ogres
  3 death yaks (D:10)
  11 deep troll shamans
  3 hell hogs (Depths:2)
  An orc high priest (Elf:1)
  12 deep troll earth magi
  Urug (D:11)
  A vampire mage (Depths:3)
  11 naga sharpshooters
  9 hell knights
  10 shock serpents
  11 spriggan berserkers
  A thrashing horror (Gauntlet)
  4 iron trolls
  27 deep elf knights
  2 sun demons
  An iron troll (shapeshifter) (Vaults:2)
  A sixfirhy (Depths:2)
  A fire crab (shapeshifter) (Vaults:4)
  3 salamander mystics
  31 deep trolls
  11 skeletal warriors
  A storm dragon skeleton (Vaults:2)
  2 shadow wraiths
  A sea snake (shapeshifter) (Depths:5)
  3 unseen horrors
  3 glowing orange brains
  10 naga ritualists
  2 gelid demonspawn (Depths:2)
  18 ironbrand convokers
  A golden dragon skeleton (Vaults:5)
  6 sea snakes
  A lindwurm (shapeshifter) (Vaults:2)
  A torturous demonspawn (Depths:3)
  3 flayed ghosts
  10 orc knights
  A harpy (shapeshifter) (D:15)
  17 deep elf archers
  6 phantasmal warriors
  5 necromancers
  8 wizards
  11 harpies
  68 deep elf magi
  A human zombie (Vaults:5)
  12 mana vipers
  A fire giant zombie (Vaults:1)
  14 salamanders
  2 wolf spiders (Vaults:4)
  23 fauns
  5 orc sorcerers
  A shining eye (shapeshifter) (Elf:3)
  A frost giant skeleton (Vaults:2)
  56 ugly things
  4 cyclopes
  13 manticores
  2 tengu skeletons
  A salamander (shapeshifter) (Vaults:5)
  3 sphinx skeletons (Vaults:2)
  13 elephants
  2 guardian serpents
  A human skeleton (Vaults:2)
  14 merfolk sirens
  17 vault sentinels
  A rust devil (Depths:3)
  30 black mambas
  3 water nymphs
  A fire giant skeleton (Vaults:2)
  2 guardian serpents (shapeshifter) (Vaults:3)
  25 naga magi
  3 spiny frogs (shapeshifter)
  3 ice statues (IceCv)
  10 spiny frogs
  An orange demon (Depths:3)
  A hellion (Depths:5)
  A yaktaur zombie (Vaults:1)
  11 freezing wraiths
  2 rime drakes (D:12)
  A torpor snail (Lair:4)
  31 yaktaurs
  2 efreet
  2 ice devils (Depths:1)
  3 kobold demonologists
  6 komodo dragons
  2 yaktaur skeletons (Vaults:2)
  5 tengu conjurers
  A yaktaur (shapeshifter) (D:14)
  A komodo dragon (shapeshifter) (Vaults:5)
  24 merfolk
  4 trolls
  A polar bear (shapeshifter) (D:15)
  2 jumping spiders (shapeshifter)
  2 merfolk (shapeshifter) (D:15)
  2 meliai (shapeshifter)
  A red devil (Depths:5)
  Grinder (D:6)
  2 wind drakes (Shoals:1)
  4 polar bears (Lair:6)
  10 hornets
  A raiju (shapeshifter) (Vaults:1)
  8 hippogriffs
  4 blink frogs (Lair:1)
  8 snapping turtles
  23 dream sheep
  26 slime creatures
  A hippogriff (shapeshifter) (D:15)
  2 stone giant simulacra (Vaults:1)
  3 air elementals
  3 flying skulls (Gauntlet)
  3 spriggans (shapeshifter)
  14 spriggans
  A tarantella (shapeshifter) (Vaults:1)
  3 wraiths
  2 ettin skeletons (Vaults:2)
  3 redbacks (Vaults:4)
  A vampire (D:11)
  A ynoxinul (Depths:1)
  3 fire elementals
  34 yaks
  3 basilisks
  14 water elementals
  A golden eye (shapeshifter) (Vaults:2)
  Menkaure (D:6)
  Grum (D:8)
  A hungry ghost (D:14)
  4 vampire mosquitoes (D:14)
  5 wargs
  53 nagas
  An acid dragon (Vaults:1)
  5 swamp worms
  A soldier ant (D:13)
  A deep troll skeleton (Vaults:2)
  10 water moccasins
  14 hell hounds
  2 porcupines
  4 small abominations (Gauntlet)
  25 orc warriors
  2 sky beasts
  12 ice beasts
  An eye of draining (D:13)
  2 phantoms
  5 black bears
  An orc zombie (Vaults:1)
  A black bear (shapeshifter) (Vaults:1)
  54 ogres
  16 centaurs
  9 boggarts
  25 wolves
  A crocodile (shapeshifter) (Elf:3)
  16 crocodiles
  7 big kobolds
  16 bullfrogs
  A gnoll sergeant (D:7)
  2 wyvern zombies
  3 earth elementals
  2 scorpions
  4 wights (D:12)
  A howler monkey (D:7)
  An electric eel (Elf:3)
  7 crimson imps
  A bullfrog zombie (D:3)
  3 centaur zombies
  A human simulacrum (Vaults:2)
  6 jellies
  2 quasits (D:8)
  22 orc priests
  Crazy Yiuf (D:5)
  6 centaur skeletons
  6 hounds
  An iron imp (Depths:2)
  10 iguanas
  An iguana (shapeshifter) (Vaults:5)
  Natasha (D:3)
  14 orc wizards
  3 polar bear simulacra (Lair:3)
  5 yak simulacra (Lair:3)
  10 worker ants
  2 wolf simulacra (Lair:3)
  A hound skeleton (D:4)
  A hound zombie (D:8)
  A worker ant zombie (D:6)
  9 gnolls (D:7)
  7 adders
  3 river rats
  3 shadow imps
  3 white imps (Depths:2)
  3 oozes (D:1)
  4 adder skeletons
  4 worms
  3 dart slugs
  9 leopard geckos
  80 orcs
  6 bats
  9 giant cockroaches
  6 hobgoblins
  22 jackals
  7 quokkas
  4 ball pythons
  3 frilled lizards
  A giant cockroach zombie (D:6)
  9 goblins
  A jackal zombie (D:7)
  41 kobolds
  A leopard gecko skeleton (D:3)
  A quokka skeleton (D:9)
  5 rats
  A river rat simulacrum (Lair:3)
  18 bushes (Elf:3)
  2 crawling corpses (Elf:3)
  2 fungi
  5 plants
2056 creatures vanquished.

Vanquished Creatures (collateral kills)
  A shadow imp (D:6)
1 creature vanquished.

Vanquished Creatures (others)
  A stone giant (Depths:5)
  A deep elf annihilator (Elf:3)
  5 yaktaur captains
  2 merfolk aquamancers (Shoals:4)
  A naga warrior (Snake:3)
  A centaur warrior (Vaults:1)
  A satyr (Shoals:3)
  2 naga sharpshooters
  2 deep elf knights (Elf:1)
  An ironbrand convoker (Vaults:3)
  An ugly thing (Depths:5)
  A cyclops (D:14)
  3 yaktaurs
  A merfolk (Shoals:1)
  A yak (shapeshifter) (Vaults:5)
  An orc warrior (Orc:1)
  An ogre (Vaults:5)
  4 centaurs
  An orc priest (D:12)
  An orc wizard (Vaults:5)
  A kobold (D:14)
  A bush (Lair:6)
  2 fungi (Lair:6)
  9 plants
  2 withered plants (Vaults:3)
47 creatures vanquished.

Grand Total: 2104 creatures vanquished

Notes
Turn   | Place    | Note
-------+----------+-------------------------------------------
     0 | D:1      | DavidChitty2 the Minotaur Fighter began the quest for the
                  | Orb.
     0 | D:1      | Reached XP level 1. HP: 19/19 MP: 0/0
   148 | D:1      | Reached XP level 2. HP: 27/27 MP: 1/1
   320 | D:1      | Reached skill level 4 in Shields
   320 | D:1      | Reached XP level 3. HP: 33/33 MP: 2/2
   984 | D:2      | Reached XP level 4. HP: 35/40 MP: 3/3
  1686 | D:3      | Found a glowing drain.
  1709 | Sewer    | Entered a sewer
  1718 | Sewer    | Reached XP level 5. HP: 23/47 MP: 4/4
  2041 | Sewer    | Found a white marble altar of Elyvilon.
  2104 | D:3      | Noticed Natasha
  2113 | D:3      | Reached skill level 5 in Axes
  2115 | D:3      | Killed Natasha
  2115 | D:3      | Reached XP level 6. HP: 55/55 MP: 5/5
  3073 | D:4      | Reached skill level 5 in Armour
  3097 | D:4      | Reached skill level 5 in Fighting
  3097 | D:4      | Reached skill level 5 in Shields
  3461 | D:4      | Reached XP level 7. HP: 61/61 MP: 6/6
  3928 | D:5      | Entered Level 5 of the Dungeon
  3952 | D:5      | Found a blossoming altar of Fedhas.
  4041 | D:5      | Found a staircase to the Ecumenical Temple.
  4058 | Temple   | Entered the Ecumenical Temple
  4363 | Temple   | Became a worshipper of Warmaster Okawaru
  4742 | D:5      | Reached skill level 1 in Invocations
  5092 | D:5      | Reached skill level 6 in Shields
  5092 | D:5      | Reached XP level 8. HP: 61/70 MP: 6/8
  5245 | D:5      | Found a runed translucent door.
  5246 | D:5      | Noticed Crazy Yiuf
  5291 | D:5      | Killed Crazy Yiuf
  5553 | D:6      | Noticed Grinder
  5559 | D:6      | Noticed Menkaure
  5573 | D:6      | Reached * piety under Okawaru
  5604 | D:6      | Killed Menkaure
  5619 | D:6      | Killed Grinder
  6348 | D:7      | Found a transporter.
  6353 | D:7      | Reached ** piety under Okawaru
  6370 | D:7      | Reached XP level 9. HP: 63/78 MP: 8/10
  6422 | D:7      | Found a transporter.
  6424 | D:7      | Found a roughly hewn altar of Beogh.
  6475 | D:7      | Reached skill level 7 in Shields
  6583 | D:7      | Noticed a two-headed ogre
  6605 | D:7      | Killed a two-headed ogre
  6605 | D:7      | Reached *** piety under Okawaru
  6940 | D:7      | Reached skill level 10 in Axes
  7417 | D:8      | Noticed Grum
  7426 | D:8      | Reached **** piety under Okawaru
  7433 | D:8      | Killed Grum
  7593 | D:8      | Noticed Erica
  7612 | D:8      | Killed Erica
  7612 | D:8      | Reached skill level 8 in Shields
  7612 | D:8      | Reached XP level 10. HP: 70/88 MP: 10/12
  7847 | D:8      | Reached ***** piety under Okawaru
  8059 | D:9      | Noticed a two-headed ogre
  8071 | D:9      | Killed a two-headed ogre
  8071 | D:9      | Reached skill level 5 in Invocations
  8931 | D:10     | Entered Level 10 of the Dungeon
  9052 | D:10     | Got a pitted leather armour
  9091 | D:10     | Noticed a death yak
  9092 | D:10     | Found a staircase to the Lair.
  9092 | D:10     | Noticed a death yak
  9092 | D:10     | Noticed a death yak
  9111 | D:10     | Killed a death yak
  9111 | D:10     | Reached skill level 9 in Shields
  9119 | D:10     | Killed a death yak
  9119 | D:10     | Received a gift from Okawaru
  9119 | D:10     | Reached XP level 11. HP: 69/97 MP: 7/14
  9131 | D:10     | Killed a death yak
  9580 | D:10     | Noticed a hell knight
  9596 | D:10     | Killed a hell knight
  9757 | D:10     | Noticed a necromancer
  9759 | D:10     | Noticed a hell knight
  9975 | D:10     | Killed a necromancer
  9976 | D:10     | Noticed a hell knight
  9978 | D:10     | Noticed a hell knight
 10028 | D:10     | Noticed a hell knight
 10028 | D:10     | Noticed a necromancer
 10028 | D:10     | Noticed a hell knight
 10039 | D:10     | Noticed a hell knight
 10312 | D:10     | Killed a hell knight
 10565 | D:10     | Killed a necromancer
 10565 | D:10     | Reached skill level 10 in Armour
 10566 | D:10     | Killed a hell knight
 10566 | D:10     | Reached skill level 10 in Fighting
 10571 | D:10     | Killed a hell knight
 10571 | D:10     | Reached skill level 10 in Shields
 10782 | D:10     | Killed a hell knight
 10790 | D:10     | Noticed a hell knight
 10792 | D:10     | Killed a hell knight
 11036 | D:10     | Killed a hell knight
 11065 | D:10     | Killed a hell knight
 11207 | D:10     | Found Ciwain's General Store.
 11314 | D:10     | Identified a scroll of acquirement
 11315 | D:10     | Got a warped broad axe
 11316 | D:10     | Identified the +7 broad axe "Gosucsel" {drain, Int+4} (You
                  | acquired it on level 10 of the Dungeon)
 11538 | D:10     | Reached XP level 12. HP: 107/107 MP: 16/16
 12287 | D:11     | Noticed a two-headed ogre
 12295 | D:11     | Killed a two-headed ogre
 12298 | D:11     | Noticed a two-headed ogre
 12310 | D:11     | Killed a two-headed ogre
 12315 | D:11     | Noticed Urug
 12323 | D:11     | Found a staircase to the Orcish Mines.
 12323 | D:11     | Found Rommush's Weapon Shop.
 12334 | D:11     | Killed Urug
 12709 | D:11     | Found a portal to a secret trove of treasure.
 12936 | D:11     | Received a gift from Okawaru
 13266 | Trove    | Entered a treasure trove
 13278 | Trove    | Got a twitching granite ring
 13280 | Trove    | Got a vibrating pewter amulet
 13292 | Trove    | Got a twitching glass ring
 13294 | Trove    | Got a transparent lapis lazuli ring
 13302 | Trove    | Got a sparkling wooden ring
 13304 | Trove    | Got a translucent lead amulet
 13306 | Trove    | Got an ancient pewter ring
 13427 | D:10     | Identified the ring of Quosok {rElec rC+} (You found it in
                  | a treasure trove)
 13429 | D:10     | Identified the ring "Gupp" {+Fly rF++ Str+4 Int+4 SInv}
                  | (You found it in a treasure trove)
 13431 | D:10     | Identified the ring "Galexkax" {+Blink rPois rC- Dex+8
                  | Slay+2} (You found it in a treasure trove)
 13433 | D:10     | Identified the ring of Xom's Whim {Dex+3 Slay+3} (You found
                  | it in a treasure trove)
 13435 | D:10     | Identified the ring of Plog {*Slow Int+3 Slay+2 Stlth+}
                  | (You found it in a treasure trove)
 13442 | Lair:1   | Entered Level 1 of the Lair of Beasts
 13463 | Lair:1   | Identified the amulet "Taisumom" {Faith +Fly Int+3} (You
                  | found it in a treasure trove)
 13465 | Lair:1   | Identified the amulet "Adun" {Reflect -Tele +Inv rElec
                  | rC+++ SH+5} (You found it in a treasure trove)
 13652 | Lair:1   | Reached skill level 1 in Evocations
 14415 | Lair:2   | Reached skill level 11 in Shields
 14544 | Lair:2   | Found a shimmering altar of Xom.
 14668 | Lair:2   | Got a brightly glowing mace
 14690 | Lair:2   | Found a staircase to the Shoals.
 15502 | Lair:3   | Noticed a catoblepas
 15513 | Lair:3   | Killed a catoblepas
 15657 | Lair:3   | Reached XP level 13. HP: 116/116 MP: 18/18
 16172 | Lair:4   | Reached skill level 15 in Axes
 16289 | Lair:4   | Found a staircase to the Snake Pit.
 16794 | Lair:5   | Reached skill level 5 in Evocations
 17371 | Lair:6   | Entered Level 6 of the Lair of Beasts
 17494 | Lair:5   | Received a gift from Okawaru
 17738 | Lair:6   | Reached skill level 12 in Shields
 18125 | Lair:6   | Found a staircase to the Slime Pits.
 18546 | Lair:6   | Reached XP level 14. HP: 98/127 MP: 19/19
 18745 | Lair:6   | Received a gift from Okawaru
 18746 | Lair:6   | Found the +7 great mace "Firestarter" {inner flame, rF++}
 19393 | Orc:1    | Entered Level 1 of the Orcish Mines
 19436 | D:12     | Found a frozen archway.
 19453 | D:12     | Found a gate leading to a gauntlet.
 19462 | Gauntlet | Entered a Gauntlet
 19462 | Gauntlet | Found a transporter.
 19474 | Gauntlet | Found a transporter.
 19482 | Gauntlet | Found a transporter.
 19484 | Gauntlet | Found a transporter.
 19491 | Gauntlet | Found a runed translucent door.
 19493 | Gauntlet | Found a transporter.
 19515 | Gauntlet | Found a transporter.
 19524 | Gauntlet | Found a transporter.
 19526 | Gauntlet | Found a runed translucent door.
 19534 | Gauntlet | Found a transporter.
 19555 | Gauntlet | Found a transporter.
 19569 | Gauntlet | Found a transporter.
 19570 | Gauntlet | Found a transporter.
 19611 | Gauntlet | Found a runed translucent door.
 19616 | Gauntlet | Found a transporter.
 19658 | Gauntlet | Found a transporter.
 19791 | Gauntlet | Identified the Guide on Translocation
 19814 | IceCv    | Entered an ice cave
 19821 | IceCv    | Received a gift from Okawaru
 20381 | D:12     | Reached skill level 13 in Shields
 21037 | D:13     | Found Ewyhu's Assorted Antiques.
 21772 | D:13     | Reached ****** piety under Okawaru
 21940 | D:14     | Received a gift from Okawaru
 22019 | D:14     | You are sucked into a shaft and drop 1 floor!
 22019 | D:15     | Entered Level 15 of the Dungeon
 22052 | D:15     | Got a pair of polished boots
 22074 | D:15     | Identified the +2 pair of boots of the Ladybird {+Inv rF+}
                  | (You acquired it on level 15 of the Dungeon)
 22121 | D:15     | Reached XP level 15. HP: 103/137 MP: 20/20
 22438 | D:15     | Found a staircase to the Depths.
 22440 | D:15     | Reached skill level 14 in Shields
 22521 | D:15     | Reached skill level 1 in Dodging
 22735 | D:14     | Found a gate to the Vaults.
 22744 | D:14     | Received a gift from Okawaru
 22754 | D:14     | Got a crude chain mail {god gift}
 23936 | Orc:2    | Entered Level 2 of the Orcish Mines
 24152 | Orc:1    | Found Jurig's Book Emporium.
 24260 | Orc:1    | Found Forerhug's Book Emporium.
 24362 | Orc:1    | Found Wosyod's Antique Armour Shoppe.
 24483 | Orc:2    | Found a staircase to the Elven Halls.
 24619 | Orc:2    | Received a gift from Okawaru
 24620 | Orc:2    | Got an ancient buckler {god gift}
 24870 | Orc:2    | Found Byaphas's Assorted Antiques.
 24870 | Orc:2    | Found Cati's Assorted Antiques.
 24871 | Orc:2    | Found Renatae's Gadget Shop.
 24871 | Orc:2    | Found Jipnup's Antique Weapon Emporium.
 25203 | Orc:1    | Bought a runed plate armour for 702 gold pieces
 25262 | Orc:1    | Bought a manual of Shields for 1435 gold pieces
 25343 | Orc:2    | Bought a scroll of blinking for 240 gold pieces
 25556 | Snake:1  | Entered Level 1 of the Snake Pit
 25565 | Snake:1  | Reached XP level 16. HP: 142/147 MP: 21/21
 25565 | Snake:1  | Reached skill level 5 in Dodging
 25691 | Lair:4   | Reached skill level 15 in Shields
 25878 | Snake:1  | Reached skill level 15 in Fighting
 25880 | Snake:1  | Reached skill level 15 in Armour
 26613 | Snake:1  | Received a gift from Okawaru
 26614 | Snake:1  | Got a crude war axe {god gift}
 26719 | Snake:1  | Identified the +5 war axe of Classification {drain, Stlth+}
                  | (Okawaru gifted it to you on level 1 of the Snake Pit)
 27263 | Snake:2  | Reached skill level 16 in Shields
 27543 | Snake:2  | Got a bloodstained robe
 27799 | Snake:2  | Received a gift from Okawaru
 27816 | Snake:2  | Got a translucent broad axe {god gift}
 27817 | Snake:2  | Identified the +2 broad axe of the Feather {elec, rC+++
                  | rN+} (Okawaru gifted it to you on level 2 of the Snake Pit)
 27882 | Snake:2  | You fall into a shaft and drop 1 floor!
 28603 | Snake:3  | Reached XP level 17. HP: 158/158 MP: 22/22
 28685 | Snake:4  | Entered Level 4 of the Snake Pit
 28685 | Snake:4  | Found a runed translucent door.
 28686 | Snake:4  | Noticed Lufyqa Hiru's ghost (adept MfIE)
 28726 | Snake:4  | Received a gift from Okawaru
 28952 | Snake:4  | Reached skill level 17 in Shields
 29050 | Snake:4  | Noticed Agnes
 29061 | Snake:4  | Killed Agnes
 29468 | Snake:4  | Received a gift from Okawaru
 29469 | Snake:4  | Found the +5 robe of Misfortune {*Contam Harm *Corrode
                  | *Drain *Slow EV+5}
 29499 | Snake:4  | Reached skill level 18 in Shields
 29563 | Snake:4  | Got a serpentine rune of Zot
 29847 | Snake:4  | Killed Lufyqa Hiru's ghost
 30008 | Shoals:1 | Entered Level 1 of the Shoals
 31087 | Shoals:2 | Reached XP level 18. HP: 160/168 MP: 24/24
 31214 | Shoals:2 | Reached skill level 10 in Dodging
 31254 | Shoals:2 | Received a gift from Okawaru
 31871 | Shoals:3 | Reached skill level 10 in Evocations
 31973 | Shoals:3 | Reached skill level 19 in Shields
 32555 | Shoals:4 | Entered Level 4 of the Shoals
 32615 | Shoals:4 | Noticed Ilsuiw
 32637 | Shoals:4 | Killed Ilsuiw
 33006 | Shoals:4 | Received a gift from Okawaru
 33024 | Shoals:4 | Got a barnacled rune of Zot
 33554 | Shoals:4 | Got a crude amethyst amulet
 33555 | Shoals:4 | Identified the amulet of Xom's Bemusement {+Rage Str+2
                  | Dex+5} (You found it on level 4 of the Shoals)
 33589 | Shoals:4 | Reached skill level 20 in Shields
 33590 | Shoals:4 | Upgraded the game from 0.25-a0-44-g29a1220a87 to
                  | 0.25-a0-57-ga0c9b72eff
 33630 | Shoals:4 | Got a translucent leather armour
 34020 | Depths:1 | Entered Level 1 of the Depths
 34038 | Depths:1 | Noticed Nikola
 34051 | Depths:1 | Killed Nikola
 34157 | Depths:1 | Found a gateway to Hell.
 34160 | Depths:1 | Found a gateway to a ziggurat.
 34413 | Depths:1 | Noticed the Enchantress
 34438 | Depths:1 | Killed the Enchantress
 34645 | Depths:1 | Found a one-way gate leading to the halls of Pandemonium.
 34754 | Depths:1 | Received a gift from Okawaru
 34757 | Depths:1 | Got a smoking plate armour {god gift}
 34758 | Depths:1 | Identified the +9 plate armour "Iplu" {rElec MR- Slay+2}
                  | (Okawaru gifted it to you on level 1 of the Depths)
 34950 | Depths:2 | Found Teicsech's Antique Armour Shoppe.
 34950 | Depths:2 | Found Ikhougu's Magic Scroll Emporium.
 34959 | Depths:2 | Reached XP level 19. HP: 179/179 MP: 25/25
 35301 | Depths:2 | Got a translucent arbalest
 35428 | Depths:2 | Found a shimmering blue altar of Sif Muna.
 35464 | Depths:2 | Noticed a lich
 35470 | Depths:2 | Killed a lich
 35475 | Depths:2 | Reached skill level 21 in Shields
 35484 | Depths:2 | Identified the Papyrus of the Entrancing Blaze
 35502 | Depths:2 | Identified Fuqus's Volume of the Creative Oath
 35504 | Depths:2 | Identified the Almanac of Curses and Attacks
 35523 | Depths:2 | Noticed a lich
 35543 | Depths:2 | Killed a lich
 35729 | Depths:2 | Got a warped trident
 36326 | Depths:1 | Got a brightly glowing quarterstaff
 36468 | Depths:3 | Received a gift from Okawaru
 36470 | Depths:3 | Got a pitted cloak {god gift}
 36600 | Depths:3 | Identified the +0 cloak "Hiffukhi" {Dex+3 Slay+2} (Okawaru
                  | gifted it to you on level 3 of the Depths)
 36999 | Depths:3 | Identified the ring of Apse {+Fly rF++ Str+4 Int-5 SInv}
 37026 | Depths:3 | Reached XP level 20. HP: 154/193 MP: 26/26
 37085 | Depths:3 | Noticed a juggernaut
 37090 | Depths:3 | Received a gift from Okawaru
 37097 | Depths:3 | Killed a juggernaut
 37097 | Depths:3 | Reached skill level 22 in Shields
 37098 | Depths:3 | Noticed a golden dragon
 37106 | Depths:3 | Received a gift from Okawaru
 37114 | Depths:3 | Killed a golden dragon
 37787 | Depths:3 | Got a scorched wooden ring
 37790 | Depths:3 | Got a flickering crystal amulet
 37791 | Depths:3 | Identified the amulet "Wewargh" {Acrobat rC+} (You found it
                  | on level 3 of the Depths)
 37799 | Depths:3 | Got a smoking platinum amulet
 37888 | Depths:2 | Bought a scroll of identify for 46 gold pieces
 37888 | Depths:2 | Bought a scroll of identify for 46 gold pieces
 37888 | Depths:2 | Identified the amulet "Ciskum" {Inacc rC+} (You found it on
                  | level 3 of the Depths)
 37890 | Depths:2 | Identified the ring of Niuna {-Tele *Drain rElec MR+++
                  | Int+3} (You found it on level 3 of the Depths)
 38312 | Depths:4 | Noticed a golden dragon
 38320 | Depths:4 | Killed a golden dragon
 38333 | Depths:4 | Noticed Xtahua
 38344 | Depths:4 | Killed Xtahua
 38389 | Depths:4 | Got a faintly humming hat
 38400 | Depths:4 | Identified the +0 hat of the Soldier {Str+5 Int+4 Dex-4}
                  | (You acquired it on level 4 of the Depths)
 38506 | Depths:4 | Found a one-way gate to the infinite horrors of the Abyss.
 38838 | Depths:5 | Entered Level 5 of the Depths
 38875 | Depths:5 | Received a gift from Okawaru
 38982 | Depths:5 | Noticed a juggernaut
 38996 | Depths:5 | Killed a juggernaut
 39002 | Depths:5 | Reached XP level 21. HP: 166/203 MP: 19/27
 39152 | Depths:5 | Found a gate to the Realm of Zot.
 39152 | Depths:5 | Noticed a golden dragon
 39152 | Depths:5 | Noticed a golden dragon
 39160 | Depths:5 | Reached skill level 23 in Shields
 39166 | Depths:5 | Killed a golden dragon
 39171 | Depths:5 | Killed a golden dragon
 39263 | Depths:5 | Noticed a juggernaut
 39282 | Depths:5 | Killed a juggernaut
 39282 | Depths:5 | Received a gift from Okawaru
 40544 | Vaults:1 | Entered Level 1 of the Vaults
 40866 | Vaults:1 | Found Xiat's Gadget Shop.
 41126 | Vaults:1 | Learned a level 3 spell: Regeneration
 41132 | Vaults:1 | Learned a level 5 spell: Silence
 41752 | Vaults:2 | Reached skill level 1 in Necromancy
 41870 | Vaults:2 | Reached skill level 1 in Air Magic
 41877 | Vaults:2 | Reached XP level 22. HP: 207/215 MP: 28/28
 41916 | Vaults:2 | Reached skill level 1 in Spellcasting
 41922 | Vaults:2 | Reached skill level 1 in Hexes
 41983 | Vaults:2 | Reached skill level 1 in Charms
 41985 | Vaults:2 | Found a staircase to the Crypt.
 42202 | Vaults:2 | Found a gateway to a bazaar.
 42214 | Bazaar   | Entered a bazaar
 42214 | Bazaar   | Found Ugynuo's Armour Shoppe.
 42214 | Bazaar   | Found Fuepyfuth's Antique Armour Emporium.
 42218 | Bazaar   | Found Voego's Distillery.
 42232 | Bazaar   | Found Luorieze's Magic Scroll Emporium.
 42240 | Bazaar   | Bought a scroll of identify for 24 gold pieces
 42240 | Bazaar   | Bought a scroll of identify for 24 gold pieces
 42240 | Bazaar   | Bought a scroll of silence for 90 gold pieces
 42240 | Bazaar   | Bought a scroll of blinking for 90 gold pieces
 42240 | Bazaar   | Bought a scroll of enchant armour for 90 gold pieces
 42240 | Bazaar   | Bought a scroll of enchant weapon for 90 gold pieces
 42240 | Bazaar   | Bought a scroll of remove curse for 36 gold pieces
 42240 | Bazaar   | Bought a scroll of teleportation for 36 gold pieces
 42240 | Bazaar   | Bought a scroll of magic mapping for 42 gold pieces
 42240 | Bazaar   | Bought a scroll of identify for 24 gold pieces
 42264 | Bazaar   | Bought a dazzling plate armour for 560 gold pieces
 42264 | Bazaar   | Identified the cursed +0 plate armour of Cicix {rPois} (You
                  | bought it in a shop in a bazaar)
 42411 | Vaults:2 | Received a gift from Okawaru
 42427 | Vaults:2 | Got a pitted large shield {god gift}
 42445 | Vaults:2 | Identified the +4 large shield "Xyud" {rC+ MR++ Regen+
                  | Str-3} (Okawaru gifted it to you on level 2 of the Vaults)
 42893 | Vaults:3 | Reached skill level 24 in Shields
 43063 | Vaults:3 | Found a runed translucent gate.
 43063 | Vaults:3 | Found a runed translucent gate.
 43063 | Vaults:3 | Found a runed translucent gate.
 43063 | Vaults:3 | Noticed Awazaost's ghost (veteran MiBe)
 43063 | Vaults:3 | Noticed Syvvoagh's ghost (adept DENe)
 43064 | Vaults:3 | Noticed Qenoimudgh's ghost (adept FeMo)
 43065 | Vaults:3 | Noticed Faedia's ghost (adept GnWn)
 43319 | Vaults:3 | Noticed Jory
 43342 | Vaults:3 | Killed Jory
 43545 | Vaults:3 | Noticed Bai Suzhen
 43562 | Vaults:3 | Killed Bai Suzhen
 43726 | Vaults:3 | Found Seanugg's Distillery.
 43729 | Vaults:3 | Noticed Sojobo
 43747 | Vaults:3 | Killed Sojobo
 43747 | Vaults:3 | Received a gift from Okawaru
 43748 | Vaults:3 | Got a twisted cloak {god gift}
 43749 | Vaults:3 | Identified the +3 cloak "Namidgh" {+Inv Regen+ Int-3}
                  | (Okawaru gifted it to you on level 3 of the Vaults)
 44337 | Vaults:3 | Killed Qenoimudgh's ghost
 44343 | Vaults:3 | Killed Syvvoagh's ghost
 44349 | Vaults:3 | Killed Faedia's ghost
 44357 | Vaults:3 | Killed Awazaost's ghost
 44364 | Vaults:3 | Got a dazzling glaive
 44571 | Vaults:4 | Noticed Mennas
 44638 | Vaults:4 | Killed Mennas
 44831 | Vaults:4 | Got a spiked scale mail
 45030 | Vaults:4 | Reached XP level 23. HP: 225/225 MP: 29/29
 45371 | Vaults:4 | Received a gift from Okawaru
 45372 | Vaults:4 | Found the +3 hat of Pondering {ponderous, MR+ MP+10 Int+5}
 45850 | Vaults:5 | Entered Level 5 of the Vaults
 45852 | Vaults:5 | Noticed an ancient lich
 45894 | Vaults:5 | Killed an ancient lich
 46294 | Vaults:5 | Received a gift from Okawaru
 46610 | Vaults:5 | Reached skill level 25 in Shields
 46671 | Vaults:5 | Reached XP level 24. HP: 111/236 MP: 29/29
 46993 | Vaults:5 | Noticed an ancient lich
 47015 | Vaults:5 | Killed an ancient lich
 47068 | Vaults:5 | Reached skill level 5 in Necromancy
 47163 | Vaults:5 | Identified the ring of Fomaibon {rElec rPois rF+ rN+ MR+}
 47165 | Vaults:5 | Received a gift from Okawaru
 47257 | Vaults:5 | Reached skill level 5 in Air Magic
 47272 | Vaults:5 | Noticed Mara
 47283 | Vaults:5 | Noticed DavidChitty2's illusion
 47309 | Vaults:5 | Killed Mara
 47410 | Vaults:5 | Got a silver rune of Zot
 47431 | Vaults:5 | Identified the Disquisition on Feathers and Evil
 47445 | Vaults:5 | Got a transparent plate armour
 47446 | Vaults:5 | Identified the +1 plate armour of Follow the Leader {Int+6
                  | Dex+2} (You found it on level 5 of the Vaults)
 47593 | Vaults:5 | Got a shimmering trident
 47607 | Vaults:5 | Reached skill level 5 in Hexes
 47658 | Vaults:5 | Got a faintly humming chain mail
 48359 | Elf:1    | Entered Level 1 of the Elven Halls
 48363 | Elf:1    | Reached skill level 5 in Charms
 48984 | Elf:1    | Received a gift from Okawaru
 49371 | Elf:2    | Found an ancient bone altar of Kikubaaqudgha.
 49763 | Elf:2    | Found a runed translucent gate.
 49763 | Elf:2    | Found a runed translucent gate.
 49764 | Elf:2    | Found a runed translucent gate.
 49953 | Elf:2    | Reached XP level 25. HP: 247/247 MP: 29/29
 50334 | Elf:3    | Entered Level 3 of the Elven Halls
 50782 | Elf:3    | Identified Sif Muna's Collected Works on Beguiling and
                  | Displacement
 51215 | Elf:3    | Noticed Asterion
 51230 | Elf:3    | Killed Asterion
 51276 | Elf:3    | Received a gift from Okawaru
 51316 | Elf:3    | HP: 5/248 [deep elf sorcerer/damnation (41)]
 51334 | Elf:3    | Killed from afar by a deep elf sorcerer

Levels and vault maps discovered:
D:1:      dpeg_arrival_tiny_g, layout_basic, minmay_worlds_worst_comb
D:2:      layout_loops_ring, first_ration
D:3:      layout_basic, cheibrodos_sewer_entry_sluice, uniq_natasha
D:4:      layout_basic
D:5:      layout_basic, lemuel_doored_altar, minmay_temple_entry_antechambers,
          uniq_crazy_yiuf_cottage
D:6:      layout_rooms, uniq_grinder, uniq_menkaure
D:7:      gammafunk_beogh_shrine, layout_loops_cross
D:8:      layout_rooms, uniq_grum, uniq_erica
D:9:      layout_loops_ring
D:10:     layout_basic, dpeg_lair_monsters, serial_shops,
          nicolae_shop_waterfront, minmay_rotating_lava
D:11:     layout_long_grid, orc_david_3, nicolae_trove_entry_columns,
          grunt_tengu_nest, due_unseen_surprise, uniq_urug
D:12:     layout_loops_ring, gauntlet_entry_generic, portal_ice_cave_rime
D:13:     layout_stronghold, serial_shops, shop
D:14:     layout_rooms, lightli_vaults_fourway_checkpoint
D:15:     gammafunk_enter_depths_forms, layout_irregular_city
Temple:   regret_index_temple_sigil_plot
Lair:1:   layout_cave_pods, serial_bayou_pond_e, worms_lemuel
Lair:2:   layout_chaotic_city, minmay_shoals_entry_lonely_mermaid, basic_altar,
          serial_bayou_lagoon_b
Lair:3:   layout_regular_city, eino_house_with_fridge, lemuel_fruit_tree,
          grunt_megastairs_2, serial_bayou_shore_b, serial_bayou_shore_b,
          minmay_lair_oklob_chamber
Lair:4:   layout_loops_ring, minmay_snake_entry_guardpost_small
Lair:5:   layout_concentric_octagons, nicolae_lair_grove_arrangements
Lair:6:   minmay_lair_end_enchanted_forest, layout_hall_layers,
          minmay_slime_entry_pillars, grunt_megastairs_3
Shoals:1: layout_shoals
Shoals:2: layout_shoals
Shoals:3: layout_shoals
Shoals:4: shoals_end_simple, layout_shoals, shoal_ilsuiw
Snake:1:  layout_cave_shapes, drop_trap
Snake:2:  layout_layer_cave
Snake:3:  layout_layer_cave
Snake:4:  snake_pit, layout_cave_town, ebering_ghost_inner_flame, uniq_agnes
Orc:1:    layout_diamond_mine, serial_shops, shop, shop, shop
Orc:2:    st_orc_ogre_mass, layout_caves
Elf:1:    minmay_elf_crystal_pentagon, layout_geoelf_diagonals,
          hangedman_elven_crosses_minicolossus
Elf:2:    layout_rooms, basic_altar
Elf:3:    minmay_elf_hall_four_x, layout_geoelf_castle, uniq_asterion
Vaults:1: hangedman_vaults_hat, v_misc_3, v_misc_26, v_misc_24,
          hangedman_vaults_corner, vaults_mumra_hex, v_alt_pattern_5,
          ontoclasm_vaults_loading_screen, nicolae_vaults_specimen_jars,
          layout_vaults_ring, serial_shops, nicolae_shop_waterfront
Vaults:2: vaults_room_pools, minmay_crypt_entry_skeletal_spiral,
          nicolae_vaults_theta, v_misc_11, nicolae_vaults_network_barrier,
          v_misc_18, v_misc_26, vaults_room_fancy_cross,
          hangedman_vaults_cutoff, ontoclasm_vaults_gallery,
          ontoclasm_vaults_decontamination, hangedman_vaults_stream,
          layout_vaults_maze_snakey, serial_shops, bzr_firewalk
Vaults:3: gammafunk_vaults_ghost_cemetery, v_misc_23, v_misc_29,
          ontoclasm_vaults_spin, v_alt_pattern_6, ontoclasm_vaults_shout,
          vaults_mumra_chevron, v_misc_8, layout_vaults_quadrants, serial_shops,
          nicolae_shop_behind_doors, uniq_bai_suzhen, uniq_jory, uniq_sojobo
Vaults:4: nicolae_vaults_little_squares_5, v_misc_1,
          hangedman_vaults_variations, v_misc_18, ontoclasm_vaults_ligature,
          hangedman_vaults_river_flow, v_rooms_3, v_misc_2, v_alt_pattern_3,
          vaults_room_hallway, layout_vaults_omnibox, uniq_mennas
Vaults:5: serial_shops, uniq_mara
Depths:1: layout_long_grid, enter_ziggurat_a, rand_demon_pan_entry_8,
          hell_entry, minmay_stone_trees_small, kennysheep_generic_room_14,
          grunt_megastairs_1, firewood_loft, uniq_enchantress, uniq_nikola
Depths:2: evilmike_library_of_no_secrets, layout_basic, grunt_hell_horde,
          grunt_pan_entry_zigzag, grunt_decor_one_mirror, serial_bayou_shore_a,
          infiniplex_staircase_zigzag_1, minmay_shoptagon
Depths:3: minmay_the_grid_triangle_9x9_rhombus_full_mashed
          [minmay_the_grid_triangle_9x9_dagger,
          minmay_the_grid_triangle_9x9_sprig,
          minmay_the_grid_triangle_9x9_flanged_cone,
          minmay_the_grid_triangle_9x9_pentomino_pain,
          minmay_the_grid_triangle_9x9_descending_squares,
          minmay_the_grid_triangle_9x9_zippers_horizontal,
          minmay_the_grid_triangle_9x9_steps,
          minmay_the_grid_triangle_9x9_prize_special], layout_cave_shapes,
          hangedman_abyss_or_decor_passed, hell_entry, rand_demon_pan_entry_5,
          infiniplex_staircase_diamond
Depths:4: minmay_containers, layout_cave_pools, abyss_entry, hell_entry,
          serial_sigils, serial_sigils_hangedman_carve,
          serial_sigils_hangedman_gut, serial_sigils_hangedman_stare,
          serial_sigils_hangedman_shear, pan_entry, uniq_xtahua
Depths:5: grunt_zot_entry_tricorne, layout_cave_pools, serial_bayou_pond_d,
          hellmouth_1, minmay_misc_feat_roman, grunt_ministairs_1,
          infiniplex_staircase_pool_lava

Skill      XL: |  1  2  3  4  5  6  7  8  9 10 11 12 13 14 15 16 17 18 19 20 21 22 23 24 25 |
---------------+----------------------------------------------------------------------------+-----
Axes           | 3 4 5 6 7 8 10 12 13 14 16 18 | 18.0
Fighting       | 4 5 6 8 9 10 11 12 13 14 15 16 18 19 20 22 23 24 | 24.8
Armour         | 4 5 6 7 8 9 10 11 12 13 14 15 16 18 19 20 22 23 24 | 24.8
Shields        | 4 5 6 8 9 10 11 12 13 14 16 18 20 21 22 23 24 25 | 25.0
Invocations    | 1 3 4 5 7 8 |  8.0
Evocations     | 3 5 6 8 9 10 | 10.0
Dodging        | 4 7 9 10 | 10.0
Necromancy     | 1 3 4 5 |  5.0
Air Magic      | 1 3 4 6 |  6.8
Spellcasting   | 2 3 |  3.0
Hexes          | 2 4 5 6 |  6.2
Charms         | 2 4 5 |  5.0

Action                   |  1- 3 |  4- 6 |  7- 9 | 10-12 | 13-15 | 16-18 | 19-21 | 22-24 | 25-27 || total
-------------------------+-------+-------+-------+-------+-------+-------+-------+-------+-------++-------
Melee: War axe           |    74 |   171 |   322 |   257 |     5 |       |       |       |       ||   829
       Headbutt          |    11 |    25 |    67 |   123 |   261 |   315 |   372 |   428 |    68 ||  1670
       Broad axe         |       |       |       |   271 |   901 |  1052 |   980 |  1375 |   206 ||  4785
Invok: Heroism           |       |       |     5 |    15 |     7 |    10 |     8 |    11 |     2 ||    58
       Finesse           |       |       |       |     7 |       |     4 |     3 |     5 |     1 ||    20
 Abil: Evoke Invisibilit |       |       |       |       |     2 |     1 |       |     7 |     1 ||    11
Evoke: Wand              |       |       |     2 |       |     1 |     8 |    10 |       |       ||    21
  Use: Scroll            |       |    10 |     2 |    11 |    13 |     7 |    14 |     8 |     2 ||    67
       Potion            |       |       |     1 |       |     1 |       |     2 |     1 |     5 ||    10
 Stab: Petrified         |       |       |       |     3 |       |       |       |       |       ||     3
       Invisible         |       |       |       |       |    16 |     5 |       |    36 |     1 ||    58
       Distracted        |       |       |       |       |       |       |     1 |     2 |       ||     3
  Eat: Chunk             |       |     9 |    10 |    15 |    29 |    22 |    23 |    20 |     4 ||   132
       Ration            |       |       |     1 |     3 |     1 |     3 |       |     3 |       ||    11
Armor: Scale mail        |    26 |     5 |       |       |       |       |       |       |       ||    31
       Chain mail        |       |    82 |   117 |    63 |       |       |       |       |       ||   262
       Plate armour      |       |       |       |    75 |   178 |   239 |   159 |       |       ||   651
       Gold dragon scale |       |       |       |       |       |       |    37 |   207 |    39 ||   283
Dodge: Dodged            |    24 |    33 |    67 |   106 |    90 |   212 |   209 |   129 |    25 ||   895
Block: Shield            |    35 |    95 |   188 |   290 |   449 |       |       |       |       ||  1057
       Reflection        |       |       |       |     2 |    31 |   212 |    94 |   125 |    22 ||   486
       Large shield      |       |       |       |       |   266 |  1336 |  1084 |  1263 |   165 ||  4114

Table legend:
 A = Non-vault XP
 B = Vault XP
 C = Vault XP percentage of total XP
 D = Non-vault monster count
 E = Vault monster count
 F = Vault count percentage of total count
                 A         B        C        D         E       F
            +---------+---------+-------+---------+---------+-------
      Total |  621737 |  568076 |  47.7 |    1347 |     712 |  34.6
            +---------+---------+-------+---------+---------+-------
        D:1 |      60 |       4 |   6.2 |      26 |       2 |   7.1
        D:2 |      81 |       0 |   0.0 |      28 |       0 |   0.0
        D:3 |      89 |      62 |  41.1 |      18 |       4 |  18.2
        D:4 |     371 |       0 |   0.0 |      23 |       0 |   0.0
        D:5 |     644 |      40 |   5.8 |      15 |       1 |   6.2
        D:6 |     596 |     370 |  38.3 |      21 |       2 |   8.7
        D:7 |    2084 |     520 |  20.0 |      41 |      13 |  24.1
        D:8 |     733 |    1309 |  64.1 |      25 |       4 |  13.8
        D:9 |    2320 |       0 |   0.0 |      25 |       0 |   0.0
       D:10 |     665 |   12506 |  95.0 |      17 |      25 |  59.5
       D:11 |    4167 |    1316 |  24.0 |      23 |       6 |  20.7
       D:12 |    4596 |     758 |  14.2 |      28 |       2 |   6.7
       D:13 |    8510 |       0 |   0.0 |      33 |       0 |   0.0
       D:14 |    6720 |    7104 |  51.4 |      29 |      12 |  29.3
       D:15 |   17141 |    4269 |  19.9 |      38 |      13 |  25.5
     Lair:1 |    2246 |     630 |  21.9 |      13 |       4 |  23.5
     Lair:2 |    1948 |     474 |  19.6 |      11 |       1 |   8.3
     Lair:3 |    3343 |    1523 |  31.3 |       8 |      15 |  65.2
     Lair:4 |    7117 |     464 |   6.1 |      22 |       3 |  12.0
     Lair:5 |    9078 |     370 |   3.9 |      34 |       1 |   2.9
     Lair:6 |   11795 |    8437 |  41.7 |      42 |      48 |  53.3
   Shoals:1 |   12144 |       0 |   0.0 |      23 |       0 |   0.0
   Shoals:2 |   17618 |       0 |   0.0 |      39 |       0 |   0.0
   Shoals:3 |   11011 |       0 |   0.0 |      20 |       0 |   0.0
   Shoals:4 |    7456 |   26507 |  78.0 |      17 |      39 |  69.6
    Snake:1 |   26418 |       0 |   0.0 |      48 |       0 |   0.0
    Snake:2 |   22366 |       0 |   0.0 |      43 |       0 |   0.0
    Snake:3 |   14129 |       0 |   0.0 |      22 |       0 |   0.0
    Snake:4 |   19389 |   34798 |  64.2 |      37 |      44 |  54.3
      Orc:1 |    3413 |       0 |   0.0 |      34 |       0 |   0.0
      Orc:2 |    1074 |   17846 |  94.3 |       2 |      37 |  94.9
      Elf:1 |   35243 |   13884 |  28.3 |      56 |      22 |  28.2
      Elf:2 |   29011 |   21407 |  42.5 |      40 |      27 |  40.3
      Elf:3 |   14007 |   10824 |  43.6 |      24 |      10 |  29.4
   Vaults:1 |   15080 |   27796 |  64.8 |      30 |      48 |  61.5
   Vaults:2 |   24352 |   24644 |  50.3 |      46 |      41 |  47.1
   Vaults:3 |   32791 |   45962 |  58.4 |      41 |      30 |  42.3
   Vaults:4 |   49639 |   27098 |  35.3 |      66 |      28 |  29.8
   Vaults:5 |   40636 |  131671 |  76.4 |      59 |      79 |  57.2
   Depths:1 |    6078 |   21590 |  78.0 |       8 |      20 |  71.4
   Depths:2 |   18558 |   31130 |  62.7 |      24 |      42 |  63.6
   Depths:3 |   51503 |   42563 |  45.2 |      63 |      31 |  33.0
   Depths:4 |   18920 |   15341 |  44.8 |      25 |       6 |  19.4
   Depths:5 |   66597 |   28091 |  29.7 |      60 |      21 |  25.9
      Sewer |       0 |     122 | 100.0 |       0 |      10 | 100.0
      IceCv |       0 |    3163 | 100.0 |       0 |      11 | 100.0
   Gauntlet |       0 |    3483 | 100.0 |       0 |      10 | 100.0
            +---------+---------+-------+---------+---------+-------
